 Dungeon Crawl Stone Soup version 0.19.0-24-gb05acd6 (console) character file.

18 Jesseh the Magician (level 2, -5/19 HPs)
             Began as a Demonspawn Wizard on Nov 21, 2016.
             Killed by nerve-wracking pain
             ... invoked by Jessica
              (6 damage)
             ... on level 2 of the Dungeon.
             The game lasted 00:05:56 (1463 turns).

Jesseh the Magician (Demonspawn Wizard)             Turns: 1463, Time: 00:05:56

Health: -5/19      AC:  2    Str:  7    XL:     2   Next: 51%
Magic:  0/6        EV: 12    Int: 19    God:
Gold:   23         SH:  0    Dex: 11    Spells: 1 memorised, 6 levels left

rFire  . . .     SeeInvis .     g - -2 dagger (curse)
rCold  + . .     Gourm    .     a - +0 robe
rNeg   . . .     Faith    .     (no shield)
rPois  .         Spirit   .     b - +0 hat
rElec  .         Reflect  .     (no cloak)
rCorr  .         Harm     .     (no gloves)
MR     .....                    (no boots)
Stlth  ++........               (no amulet)
                                (no ring)
                                (no ring)

@: no status effects
A: cold resistance 1
a: no special abilities


You were on level 2 of the Dungeon.
You were not hungry.

You visited 1 branch of the dungeon, and saw 2 of its levels.

You collected 23 gold pieces.

Inventory:

Hand Weapons
 g - a cursed -2 dagger (weapon)
   (You took it off a goblin on level 1 of the Dungeon)
 h - a +0 dagger
   (You took it off a kobold on level 1 of the Dungeon)
 i - a +0 dagger
   (You took it off a kobold on level 1 of the Dungeon)
 k - a +0 dagger
   (You took it off a kobold on level 1 of the Dungeon)
 o - a +0 dagger
   (You found it on level 1 of the Dungeon)
Armour
 a - a +0 robe (worn)
 b - a +0 hat (worn)
Scrolls
 e - a scroll of fear
 l - a scroll of amnesia {unknown}
 m - a scroll of fog {unknown}
 n - a scroll of recharging {unknown}
 p - a scroll of identify {unknown}
 q - a scroll of remove curse {unknown}
Potions
 f - a potion of haste {unknown}
Books
 c - a book of Minor Magic
Comestibles
 d - a bread ration


   Skills:
 - Level 1.7 Dodging
 - Level 1.7 Stealth
 - Level 3.0 Spellcasting
 + Level 2.6 Conjurations
   Level 1.0 Summonings
   Level 0.8 Translocations


You had 6 spell levels left.
You knew the following spells:

 Your Spells              Type           Power        Failure   Level  Hunger
a - Magic Dart            Conj           ##..         8%          1    None


Dungeon Overview and Level Annotations

Branches:
Dungeon (2/15)

Altars:

Annotations:
D:2 Jessica, Terence


Innate Abilities, Weirdness & Mutations

Your flesh is cold resistant. (rC+)


Message History

A goblin comes into view.
Aim: a goblin (resting)
The magic dart hits the goblin.
Aim: a goblin (moderately wounded)
The magic dart hits the goblin.
You kill the goblin!
Some of the chunks of flesh in your inventory have rotted away.
A hobgoblin comes into view. It is wielding a club.
Aim: a hobgoblin, wielding a club (resting)
The magic dart hits the hobgoblin.
The hobgoblin shouts!
Aim: a hobgoblin, wielding a club You miscast Magic Dart.
You are very lightly contaminated with residual magic.
You feel a strange surge of energy! The hobgoblin closely misses you.
Aim: a hobgoblin, wielding a club You miscast Magic Dart.
Nothing appears to happen.
The hobgoblin hits you with a club.
Aim: a hobgoblin, wielding a club The magic dart hits the hobgoblin.
The hobgoblin closely misses you.
Aim: a hobgoblin, wielding a club (heavily wounded)
The magic dart hits the hobgoblin.
You kill the hobgoblin!
You see here a club.
You see here a club.
Your magical contamination has completely faded away.
A kobold comes into view.
Aim: a kobold (resting)
The magic dart hits the kobold.
The kobold shouts!
Aim: a kobold The magic dart hits the kobold.
The kobold throws a stone.
The stone hits you.
Aim: a kobold You miscast Magic Dart.
You are very lightly contaminated with residual magic.
You smell something strange.
Aim: a kobold The magic dart hits the kobold.
You kill the kobold!
p - a scroll labeled ZUKUIG TUOR A stone.
The floor.
Your magical contamination has completely faded away.
q - a scroll labeled QAILUE NU VUOT Some of the chunks of flesh in your inventory have rotted away.
Eating a chunk of flesh.
You start eating the chunk of flesh.
You are feeling hungry.
You now have 23 gold pieces (gained 9).
d - 2 bread rations (gained 1)
You see here a stone.
Done exploring.
You can't see that place. [an escape hatch in the floor.]
You are feeling hungry.
You start eating one of the 2 bread rations.
You continue eating. x2
You finish eating.
That bread ration really hit the spot!
Okay, then.
There is an escape hatch in the floor here.
You slide downwards.
The hatch slams shut behind you.
Terence the Incautious comes into view.
He is wielding a hand axe.
Terence shouts!
Aim: Terence, wielding a hand axe and wearing a scale mail The magic dart hits Terence.
Aim: Terence, wielding a hand axe and wearing a scale mail The magic dart hits Terence.
Aim: Terence, wielding a hand axe and wearing a scale mail The magic dart hits Terence.
Here: Terence, wielding a hand axe and wearing a scale mail The floor.
Aim: Terence, wielding a hand axe and wearing a scale mail The magic dart hits Terence.
Here: Terence, wielding a hand axe and wearing a scale mail (moderately wounded)
The floor.
Aim: Terence, wielding a hand axe and wearing a scale mail (moderately wounded)
The magic dart hits Terence.
Terence hits you with a hand axe.
Here: Terence, wielding a hand axe and wearing a scale mail (moderately wounded)
The floor.
Aim: Terence, wielding a hand axe and wearing a scale mail (moderately wounded)
The magic dart hits Terence.
Terence barely misses you.
You closely miss Terence. Terence closely misses you.
You hit Terence. Terence hits you but does no damage.
You hit Terence but do no damage. Terence closely misses you.
Jessica the Apprentice Sorceress comes into view.
Jessica shouts!
You hit Terence. Terence hits you with a hand axe.
Aim: Terence, wielding a hand axe and wearing a scale mail (heavily wounded)
The magic dart hits Terence.
Terence hits you but does no damage.
You barely miss Terence. Terence hits you with a hand axe.
You hit Terence but do no damage. Terence hits you with a hand axe!
* * * LOW HITPOINT WARNING * * *
You hit Terence but do no damage. Terence screams, "I want your blood!"
Terence hits you with a hand axe.
* * * LOW HITPOINT WARNING * * *
You can't go down here!
You can't go up here!
Jessica points at you and mumbles some strange words.
Pain shoots through your body!
You die...

... ...▒
?.▒▒..▒
......
....▒
...▒
▒▒▒▒▒▒..▒
........▒
......▒6▒
......▒.▒
.......@▒
......@.▒
........▒
........▒
▒▒▒.....▒
▒.......
▒.......


You could see Terence and Jessica.

Vanquished Creatures
  A leopard gecko (D:1)
  A giant cockroach (D:1)
  3 goblins (D:1)
  3 hobgoblins (D:1)
  4 kobolds (D:1)
  A ball python (D:1)
  A bat (D:1)
  A frilled lizard (D:1)
15 creatures vanquished.

Notes
Turn   | Place    | Note
-------+----------+-------------------------------------------
     0 | D:1      | Jesseh the Demonspawn Wizard began the quest for the Orb.
     0 | D:1      | Reached XP level 1. HP: 13/13 MP: 4/4
   495 | D:1      | Reached skill level 2 in Conjurations
   565 | D:1      | Gained mutation: Your flesh is cold resistant. (rC+) [demonic ancestry]
   565 | D:1      | Reached XP level 2. HP: 19/19 MP: 3/6
  1446 | D:2      | Noticed Terence
  1456 | D:2      | Noticed Jessica
  1459 | D:2      | HP: 4/19 [Terence/hand axe (8)]
  1460 | D:2      | HP: 1/19 [Terence/hand axe (3)]
  1463 | D:2      | Killed from afar by Jessica

Skill      XL: |  1 |
---------------+----+-----
Conjurations   | 2 |  2.6
Dodging        | |  1.7
Stealth        | |  1.7
Spellcasting   | |  3.0
Summonings     | |  1.0
Translocations | |  0.8

Action                   || total
-------------------------++-------
Melee: Unarmed           ||    23
       Dagger            ||    20
 Cast: Magic Dart        ||    38
  Use: Scroll            ||     1
  Eat: Bread ration      ||     1
       Chunk             ||     1
Armor: Robe              ||    12
Dodge: Dodged            ||    29

Vault maps used:
D:1:      lightli_arrival_noodles
D:2:      uniq_jessica, uniq_terence

Table legend:
 A = Turns spent in this place as a percentage of turns spent in the entire game.
 B = Non-inter-level travel turns spent in this place as a percentage of non-inter-level travel turns spent in the entire game.
 C = Inter-level travel turns spent in this place as a percentage of turns spent in this place.
 D = Turns resting spent in this place as a percentage of non-inter-level travel turns spent in this place.
 E = Turns spent auto-exploring this place as a percentage of non-inter-level travel turns spent in this place.
 F = Non-inter-level travel turns spent in this place divided by the number of levels of this place that you've seen.
                   A       B       C       D       E      F
               +-------+-------+-------+-------+-------+----------------------
         Total | 100.0 | 100.0 |   0.5 |   2.3 |  11.1 | 108.5
       Dungeon | 100.0 | 100.0 |   0.5 |   2.3 |  11.1 | 108.5
               +-------+-------+-------+-------+-------+----------------------

Table legend:
 A = Kills in this place as a percentage of kills in entire the game.
 B = Kills by you in this place as a percentage of kills by you in the entire game.
 C = Kills by friends in this place as a percentage of kills by friends in the entire game.
 D = Other kills in this place as a percentage of other kills in the entire game.
 E = Experience gained in this place as a percentage of experience gained in the entire game.
 F = Experience gained in this place divided by the number of levels of this place that you have seen.
                   A       B       C       D       E      F
               +-------+-------+-------+-------+-------+----------------------
         Total | 100.0 | 100.0 |  -nan |  -nan | 100.0 |  13.5
       Dungeon | 100.0 | 100.0 |  -nan |  -nan | 100.0 |  13.5
               +-------+-------+-------+-------+-------+----------------------
